 Dungeon Crawl Stone Soup version 0.21.1-72-gffa868e (webtiles) character file.

209 Garchi the Slasher (level 5, -3/47 HPs)
             Began as a Minotaur Monk on Aug 3, 2018.
             Was a Believer of Nemelex Xobeh.
             Slain by a worker ant (5 damage)
             ... on level 4 of the Dungeon on Aug 4, 2018.
             The game lasted 00:21:47 (2739 turns).

Garchi the Slasher (Minotaur Monk)                  Turns: 2739, Time: 00:21:48

Health: -3/47      AC:  5    Str: 16    XL:     5   Next: 55%
Magic:  4/4        EV: 13    Int:  7    God:    Nemelex Xobeh [**....]
Gold:   86         SH:  0    Dex: 13    Spells: 4/4 levels left

rFire    . . .     SeeInvis .   k - +3 dagger (flame)
rCold    . . .     Gourm    .   (no shield)
rNeg     . . .     Faith    .   f - +0 leather armour
rPois    .         Spirit   .   (helmet restricted)
rElec    .         Reflect  .   (no cloak)
rCorr    +         Harm     .   A - +0 pair of gloves
MR       .....                  d - +0 pair of boots
Stlth    ++........             (no amulet)
HPRegen  0.15/turn              w - ring of resist corrosion
MPRegen  0.09/turn              (no ring)

@: no status effects
A: retaliatory headbutt, horns 2
a: Renounce Religion


You were on level 4 of the Dungeon.
You worshipped Nemelex Xobeh.
Nemelex Xobeh was pleased with you.
You were not hungry.

You visited 1 branch of the dungeon, and saw 4 of its levels.
You also visited: Sewer.

You collected 86 gold pieces.

Inventory:

Hand Weapons
 a - a +0 falchion
 g - a +0 dagger
 h - a +0 spear
 k - a +3 dagger of flaming (weapon)
 y - a +0 long sword
Missiles
 i - 12 poisoned needles
 r - 41 arrows
Armour
 d - a +0 pair of boots (worn)
 f - a +0 leather armour (worn)
 A - a +0 pair of gloves (worn)
Jewellery
 w - a ring of resist corrosion (left hand)
Scrolls
 b - 4 scrolls of teleportation
 z - a scroll of magic mapping
Potions
 e - a potion of resistance {unknown}
 j - 2 potions of cancellation
 l - a potion of magic {unknown}
 m - a potion of mutation {unknown}
 o - 2 potions of heal wounds {unknown}
 p - a potion of brilliance {unknown}
 q - a potion of agility
 s - a potion of lignification {unknown}
 v - a potion of berserk rage {unknown}
 x - a potion of might {unknown}
Miscellaneous
 n - an ornate deck of destruction {drawn: 2}
 t - a plain deck of destruction
 u - an ornate deck of escape
 C - a plain deck of destruction
Comestibles
 c - 2 rations


   Skills:
 + Level 4.6 Fighting
 + Level 2.1(3.4) Short Blades
 + Level 4.6(4.9) Long Blades
 + Level 2.2 Armour
 + Level 3.9 Dodging
 + Level 2.6 Stealth


You had 4 spell levels left.
You didn't know any spells.

Dungeon Overview and Level Annotations

Branches:
Dungeon (4/15)             Temple (0/1) D:4

Altars:
Nemelex Xobeh
The Shining One

Annotations:
D:4 Razbojnik's ghost, amateur DECj


Innate Abilities, Weirdness & Mutations

You reflexively headbutt those who attack you in melee.
You have a pair of horns on your head.


Message History

The glob of acid hits the worker ant.
The worker ant is splashed with acid.
The acid corrodes the worker ant!
You kill the worker ant!
The orc shouts!
The orc wizard shouts!
You found a teleport trap!
The orc wizard shouts!
The orc wizard gestures at you while chanting.
The puff of flame misses you.
Really walk into that teleport trap? [Y]es or [N]o only, please.
Really walk into that teleport trap?
You enter a teleport trap!
The teleport trap disappears.
Your surroundings suddenly seem different.
A worker ant and a skeleton come into view.
The orc wizard gestures wildly while chanting.
The orc wizard seems to speed up.
Found 16 stones.
The worker ant bites you.
You die...
Your body glows slightly and disappears.

#..Oo......
#.....o.....
#.....o.....
#...###.....
##....o.....
#..#.#.....##
#..#..... ..#####..
####.##..##.a......
#.......@#
#.##...#.# #..Z#.#
#...#.# #.###(# ..
#.# ##. #.# #. #.#


You could see a worker ant and an orc priest (wandering).

Vanquished Creatures
  2 worker ants (D:4)
  7 adders
  2 oozes
  An adder skeleton (D:4)
  3 worms
  8 leopard geckos
  2 orcs (D:3)
  4 ball pythons (Sewer)
  7 giant cockroaches
  8 hobgoblins
  3 jackals (D:4)
  7 bats
  6 frilled lizards (Sewer)
  2 goblins
  A jackal skeleton (D:4)
  3 kobolds
  9 rats
75 creatures vanquished.

Notes
Turn   | Place    | Note
-------+----------+-------------------------------------------
     0 | D:1      | Garchi the Minotaur Monk began the quest for the Orb.
     0 | D:1      | Reached XP level 1. HP: 19/19 MP: 0/0
   325 | D:1      | Reached XP level 2. HP: 26/27 MP: 1/1
   788 | D:2      | Reached XP level 3. HP: 25/33 MP: 2/2
  1052 | D:2      | Reached skill level 1 in Armour
  1358 | D:3      | Reached XP level 4. HP: 41/41 MP: 3/3
  1445 | D:3      | Found a sparkling altar of Nemelex Xobeh.
  1466 | D:3      | Became a worshipper of Nemelex Xobeh the Trickster
  1466 | D:3      | Received a gift from Nemelex Xobeh
  1466 | D:3      | Reached * piety under Nemelex Xobeh
  1466 | D:3      | Received a gift from Nemelex Xobeh
  1466 | D:3      | Reached ** piety under Nemelex Xobeh
  1561 | D:3      | Received a gift from Nemelex Xobeh
  1814 | D:4      | Found a glowing drain.
  1822 | D:4      | Reached skill level 1 in Short Blades
  1917 | Sewer    | Entered a sewer
  2247 | D:4      | Found a staircase to the Ecumenical Temple.
  2282 | D:4      | Received a gift from Nemelex Xobeh
  2285 | D:4      | Reached XP level 5. HP: 40/47 MP: 4/4
  2574 | D:4      | Found a glowing golden altar of the Shining One.
  2720 | D:4      | Noticed Razbojnik's ghost (amateur DECj)
  2729 | D:4      | HP: 1/47 [Razbojnik's ghost/magic dart (7)]
  2732 | D:4      | Noticed an ogre
  2739 | D:4      | Slain by a worker ant

Skill      XL: |  1  2  3  4  5 |
---------------+----------------+-----
Long Blades    | 4 |  4.6
Fighting       | 4 |  4.6
Armour         | 1 2 |  2.2
Short Blades   | 1 2 |  2.1
Stealth        | 2 |  2.6
Dodging        | |  3.9

Action                   |  1- 3 |  4- 6 || total
-------------------------+-------+-------++-------
Melee: Falchion          |    35 |       ||    35
       Headbutt          |    11 |     9 ||    20
       Dagger            |    44 |    87 ||   131
Evoke: Deck              |       |     2 ||     2
  Use: Scroll            |     5 |     9 ||    14
 Stab: Sleeping          |     4 |     1 ||     5
  Eat: Ration            |     1 |     1 ||     2
Armor: Robe              |     4 |       ||     4
       Leather armour    |    13 |    26 ||    39
Dodge: Dodged            |    37 |    57 ||    94
       Rpst.: Falchion   |     6 |       ||     6
